 Dungeon Sprint DCSS version 0.24.0-28-g17ded55e90 (webtiles) character file.

Game seed: 11528987687631611913, levelgen mode: deterministic

260 Kairok the Protected (level 6, -2/56 HPs)
             Began as a Formicid Fighter on Nov 11, 2019.
             Slain by a slime creature (17 damage)
             ... in the Dungeon (Sprint I: "Red Sonja").
             The game lasted 00:01:35 (942 turns).

Kairok the Protected (Formicid Fighter)              Turns: 942, Time: 00:01:36

Health: -2/56      AC:  8    Str: 22    XL:     6   Next: 41%
Magic:  7/7        EV:  9    Int:  8    God:
Gold:   162        SH: 11    Dex: 10    Spells: 5/5 levels left

rFire    . . .     SeeInvis +   a - +0 quarterstaff
rCold    . . .     Gourm    .   c - +0 shield
rNeg     . . .     Faith    .   b - +0 scale mail
rPois    .         Spirit   .   (helmet unavailable)
rElec    .         Reflect  .   (no cloak)
rCorr    .         Harm     .   (no gloves)
MR       .....                  (no boots)
Stlth    ..........             (no amulet)
HPRegen  0.18/turn              (no ring)
MPRegen  0.10/turn              (no ring)

@: no status effects
A: permanent stasis, dig shafts and tunnels, four strong arms, antennae 3
a: Dig


You were in the Dungeon.
You were not hungry.

You visited 1 branch You collected 162 gold pieces.

Inventory:

Hand Weapons
 a - a +0 quarterstaff (weapon)
 h - a +6 scythe of freezing
Armour
 b - a +0 scale mail (worn)
 c - a +0 shield (worn)
Wands
 l - a wand of flame (11)
Potions
 d - a potion of might
 e - a potion of curing
 g - a potion of heal wounds
 i - 2 potions of magic
Comestibles
 f - a ration


   Skills:
 + Level 7.9 Fighting
 + Level 5.1 Staves
 + Level 8.2 Armour
 + Level 7.8 Shields
 + Level 2.6 Evocations


You had 5 spell levels left.
You didn't know any spells.
Your spell library was empty.

Dungeon Overview and Level Annotations

Branches:
Dungeon (1/1)

Altars:
Makhleb
Sif Muna
Xom
Jiyva
Lugonu


Innate Abilities, Weirdness & Mutations

You cannot be hasted, slowed, berserked, paralysed or teleported.
You can dig through walls and to a lower floor.
Your four strong arms can wield two-handed weapons with a shield.
You have a pair of large antennae on your head. (SInv)


Message History

The slime creature is moderately wounded.
The slime creature hits you.
You sock the slime creature!
The slime creature is heavily wounded.
You block the slime creature's attack.
Your shield and scale mail prevent you from hitting the slime creature.
The slime creature is heavily wounded.
The slime creature hits you!
You hit the slime creature.
The slime creature is heavily wounded.
The slime creature hits you!
* * * LOW HITPOINT WARNING * * *
Evoke which item? (* to show all) (? for menu, Esc to quit)
Aiming: Throw Flame
Press: ? - help, Shift-Dir - straight line, f/p - slime creature
Aim: a slime creature (heavily wounded)
The puff of flame hits the slime creature.
The slime creature is heavily wounded.
The slime creature hits you!
You die...

################ ##
#<.#..)..#..'..#__#
#..'!.#..'[.#.@J^.+
#..#####'#####+#__#
#..# #..# %# ##
#..# #### ?# { #..#
.+ #⌠⌠# { _# { ####
{ +#


You could see a slime creature.

Vanquished Creatures
  Sigmund (D)
  An ogre (D)
  Ijyb (D)
3 creatures vanquished.

Vanquished Creatures (others)
  A gargoyle (D)
1 creature vanquished.

Grand Total: 4 creatures vanquished

Notes
Turn   | Place    | Note
-------+----------+-------------------------------------------
     0 | D        | Kairok the Formicid Fighter began the quest for the Orb.
     0 | D        | Reached XP level 1. HP: 18/18 MP: 1/1
     1 | D        | Noticed Ijyb
    11 | D        | Killed Ijyb
    11 | D        | Reached skill level 4 in Armour
    11 | D        | Reached skill level 5 in Shields
    11 | D        | Reached XP level 2. HP: 8/26 MP: 2/2
    11 | D        | Reached XP level 3. HP: 9/31 MP: 3/3
   224 | D        | Noticed an ogre
   230 | D        | Killed an ogre
   230 | D        | Reached skill level 6 in Armour
   230 | D        | Reached skill level 1 in Evocations
   230 | D        | Reached XP level 4. HP: 5/41 MP: 3/5
   230 | D        | Reached XP level 5. HP: 5/47 MP: 3/6
   613 | D        | Noticed Sigmund
   625 | D        | Killed Sigmund
   625 | D        | Reached skill level 5 in Staves
   625 | D        | Reached skill level 8 in Armour
   625 | D        | Reached XP level 6. HP: 6/56 MP: 7/7
   705 | D        | Killed a gargoyle
   931 | D        | Found a shimmering blue altar of Sif Muna.
   934 | D        | Found a burning altar of Makhleb.
   934 | D        | Found a viscous altar of Jiyva.
   934 | D        | Found a shimmering altar of Xom.
   934 | D        | Found a corrupted altar of Lugonu.
   934 | D        | Noticed a slime creature
   942 | D        | Slain by a slime creature

Levels and vault maps discovered:
D:        dungeon_sprint_1 [red_sonja_temple_1, red_sonja_temple_small_1]

Skill      XL: |  1  2  3  4  5 |
---------------+----------------+-----
Fighting       | 4 6 7 |  7.9
Armour         | 4 6 8 |  8.2
Shields        | 5 6 7 |  7.8
Staves         | 3 5 |  5.1
Evocations     | 1 2 |  2.6

Action                   |  1- 3 |  4- 6 || total
-------------------------+-------+-------++-------
Melee: Quarterstaff      |    13 |    10 ||    23
Evoke: Wand              |     2 |     9 ||    11
Armor: Scale mail        |     1 |     1 ||     2
Dodge: Dodged            |     5 |     2 ||     7
Block: Shield            |     1 |     3 ||     4
